[Event "Team 45 45 League T39"]
[Site "Internet Chess Club"]
[Date "2008.10.28"]
[Round "1"]
[White "Ernie1"]
[Black "Rlopez"]
[Result "0-1"]
[WhiteElo "1579"]
[BlackElo "1741"]
[Opening "Queen's Indian defense"]
[ECO "E12"]
[Time "21:09:57"]
[TimeControl "2700+45"]

1. d4 Nf6 2. c4 e6 3. Nf3 b6 4. Bg5 Be7 5. Nc3 Bb7 6. e3 c5 7. h4 h6 8. Bxf6
Bxf6 9. Ne5 d6 10. Nf3 O-O 11. d5 exd5 12. cxd5 Nd7 13. Qd2 Ne5 14. Nxe5 Bxe5
15. f4 Bf6 16. g4 Bxh4+ 17. Kd1 Bf6 18. Ne4 Re8 19. Qd3 Qe7 20. Ng5 Bxg5 21.
fxg5 Qxg5 22. e4 Qxg4+ {White resigns} 0-1

[Event "Team 45 45 League T39"]
[Site "Internet Chess Club"]
[Date "2008.10.26"]
[Round "1"]
[White "Zebbile"]
[Black "DaPaz"]
[Result "0-1"]
[WhiteElo "2040"]
[BlackElo "2060"]
[Opening "QGD: classical variation (5.Bf4)"]
[ECO "D37"]
[Time "20:32:53"]
[TimeControl "2700+45"]

1. Nf3 Nf6 2. d4 d5 3. c4 e6 4. Nc3 Be7 5. Bf4 a6 6. cxd5 exd5 7. e3 O-O 8. Bd3
b5 9. O-O Nbd7 10. Ne5 Bb7 11. Rc1 c5 12. dxc5 Nxc5 13. Bb1 Ne6 14. Bg3 d4 15.
exd4 Qxd4 16. Qc2 g6 17. Rfd1 Qb6 18. Nd7 Nxd7 19. Rxd7 Qc6 20. Rxb7 Qxb7 21.
Qe2 Rac8 22. Re1 Rfe8 23. Be4 Qa7 24. Bd5 Qd7 25. Qf3 Ng5 26. Qd1 Bf6 27. Rxe8+
Rxe8 28. h4 Bxc3 29. bxc3 Rd8 30. hxg5 Qxd5 31. Qg4 Qd1+ 32. Qxd1 Rxd1+ 33. Kh2
Ra1 34. a4 Rxa4 35. Bd6 a5 36. Kg3 Rc4 37. f4 Rxc3+ 38. Kg4 a4 39. Bb4 Rb3 40.
Be7 b4 41. f5 a3 42. Bf6 Rb2 43. Kh4 Rxg2 44. Kh3 Rxg5 45. Bxg5 b3 46. Bf6 b2
47. fxg6 b1=Q 48. gxf7+ Kxf7 {White resigns} 0-1

[Event "Team 45 45 League T39"]
[Site "Internet Chess Club"]
[Date "2008.10.26"]
[Round "1"]
[White "yopuedocontodos"]
[Black "Zornorph"]
[Result "0-1"]
[WhiteElo "1988"]
[BlackElo "2046"]
[Opening "Budapest defense declined"]
[ECO "A51"]
[Time "13:30:44"]
[TimeControl "2700+45"]

1. d4 Nf6 2. c4 e5 3. e3 exd4 4. exd4 d5 5. h3 Bb4+ 6. Bd2 Bxd2+ 7. Nxd2 O-O 8.
Ngf3 Nc6 9. c5 Re8+ 10. Be2 Nh5 11. O-O Nf4 12. Bb5 Re6 13. Kh2 Rh6 14. Rh1 Nxh3
15. gxh3 Bxh3 16. Kg3 Rg6+ 17. Kf4 Nxd4 18. Rxh3 Nxb5 19. Ke3 Qf6 20. Ke2 Qe6+
21. Ne5 Qxe5+ 22. Re3 Qh5+ 23. Ke1 Qh1+ 24. Nf1 c6 25. a4 Nc7 26. Qe2 Re6 27.
Raa3 Rae8 28. Kd2 d4 29. Rxe6 Rxe6 30. Qd1 Nd5 31. Rg3 a5 32. Qg4 Qh6+ 33. Kd1
Qf6 34. Rf3 Qe5 35. Ng3 Nb4 36. Re3 dxe3 37. Nf5 e2+ 38. Ke1 Nd3+ 39. Kd2 e1=Q+
{White resigns} 0-1

[Event "Team 45 45 League T39"]
[Site "Internet Chess Club"]
[Date "2008.10.24"]
[Round "1"]
[White "kabindra"]
[Black "Gaia"]
[Result "0-1"]
[WhiteElo "1759"]
[BlackElo "2064"]
[Opening "Sicilian: Tartakower variation"]
[ECO "B53"]
[Time "22:01:09"]
[TimeControl "2700+45"]

1. e4 c5 2. Nf3 d6 3. d4 cxd4 4. c3 Nf6 5. e5 dxe5 6. Nxe5 Nc6 7. Bb5 Qd5 8.
Bxc6+ bxc6 9. cxd4 Qxg2 10. Qf3 Qxf3 11. Nxf3 c5 12. O-O Bb7 13. Nbd2 e6 14.
dxc5 Bxc5 15. Nb3 Bb6 16. Nfd4 Rd8 17. Be3 Ng4 18. h3 Nxe3 19. fxe3 Ke7 20. a4
a5 21. Rae1 Rd5 22. Nf3 Rh5 23. h4 Bxf3 24. Rxf3 Rxh4 25. Ref1 f6 26. Rc1 Rd8
27. Rc6 Rd6 28. Rc8 Rd3 {White resigns} 0-1

[Event "Team 45 45 League T39"]
[Site "Internet Chess Club"]
[Date "2008.10.28"]
[Round "1"]
[White "cityprosecutor"]
[Black "viking99"]
[Result "1/2-1/2"]
[WhiteElo "1734"]
[BlackElo "1802"]
[Opening "French: King's Indian attack"]
[ECO "C00"]
[Time "16:02:09"]
[TimeControl "2700+45"]

1. e4 e6 2. d3 d5 3. Nd2 dxe4 4. Nxe4 Nc6 5. g3 Nf6 6. Bg2 Bd7 7. Ne2 Be7 8. O-O
O-O 9. d4 Nd5 10. c4 Nb6 11. b3 f5 12. N4c3 Rb8 13. Bb2 Bf6 14. Rb1 Ne7 15. Nf4
g5 16. Nh3 Be8 17. f4 Qxd4+ 18. Qxd4 Bxd4+ 19. Kh1 g4 20. Ng5 e5 21. fxe5 Bxe5
22. Rfe1 Ng6 23. Rxe5 Nxe5 24. Nd5 Nxd5 25. Bxd5+ Nf7 26. Ne6 c6 27. Bg2 Bd7 28.
Nxf8 Kxf8 29. Rd1 Be6 30. Ba3+ Kg7 31. Bb2+ Kg6 32. Re1 Re8 33. Bd4 Ng5 34. Bxa7
Ra8 35. Be3 Ne4 36. Bxe4 fxe4 37. Re2 Rd8 38. Rd2 Rf8 39. Kg2 Rf3 40. Re2 Kf5
41. Re1 Ke5 42. Re2 Bf5 43. Re1 Be6 44. Re2 Bf5 45. Re1 Be6 46. Re2 {Game drawn
by repetition} 1/2-1/2

[Event "Team 45 45 League T39"]
[Site "Internet Chess Club"]
[Date "2008.10.22"]
[Round "1"]
[White "Pawntrader66"]
[Black "fishhead"]
[Result "1-0"]
[WhiteElo "1991"]
[BlackElo "1860"]
[Opening "Réti opening"]
[ECO "A05"]
[Time "16:00:43"]
[TimeControl "2700+45"]

1. Nf3 Nf6 2. b3 g6 3. Bb2 Bg7 4. e3 d6 5. d4 Nbd7 6. Be2 O-O 7. O-O c6 8. Nbd2
Qc7 9. c4 e5 10. dxe5 dxe5 11. Qc2 Re8 12. e4 Nh5 13. g3 Nf8 14. Rfe1 h6 15. c5
Bh3 16. Nc4 b5 17. Nd6 Re7 18. b4 a5 19. a3 Nd7 20. Bc3 a4 21. Qb2 Rf8 22. Nh4
Nhf6 23. f3 Be6 24. Rad1 Bb3 25. Rd3 Ne8 26. Bd1 Be6 27. Bc2 Kh7 28. Red1 f6 29.
Bb1 Rg8 30. Ba2 Bxa2 31. Qxa2 Bf8 32. Nxe8 {Black resigns} 1-0

[Event "Team 45 45 League T39"]
[Site "Internet Chess Club"]
[Date "2008.10.27"]
[Round "1"]
[White "Sleete"]
[Black "TerryMalloy"]
[Result "1-0"]
[WhiteElo "2191"]
[BlackElo "2018"]
[Opening "Benkö gambit accepted"]
[ECO "A58"]
[Time "17:00:08"]
[TimeControl "2700+45"]

1. d4 Nf6 2. c4 c5 3. d5 b5 4. cxb5 a6 5. bxa6 g6 6. Nc3 Bxa6 7. Nf3 Bg7 8. e4
Bxf1 9. Kxf1 d6 10. e5 dxe5 11. Nxe5 O-O 12. Bg5 Qc7 13. Nc4 Rd8 14. d6 Qb7 15.
Bxf6 Bxf6 16. Nd5 Nc6 17. dxe7 Bxe7 18. Qf3 Ra7 19. Nxe7+ Nxe7 20. Qxb7 Rxb7 21.
h4 Rd4 22. b3 Nf5 23. h5 Rbd7 24. hxg6 hxg6 25. Re1 Ra7 26. a4 Rd3 27. Rh3 Rxh3
28. gxh3 Nd4 29. Re8+ Kg7 30. Rb8 Kf6 31. a5 Kf5 32. Rb7 Ra6 33. Rxf7+ Ke4 34.
Rb7 Kd3 35. Rb6 Ra7 36. f4 Nxb3 37. Ne5+ Kc3 38. a6 Nd2+ 39. Ke2 Nc4 40. Nxc4
Kxc4 41. Rxg6 Kc3 42. f5 c4 43. f6 Rxa6 44. Rg3+ Kb2 45. f7 {Black resigns} 1-0

[Event "Team 45 45 League T39"]
[Site "Internet Chess Club"]
[Date "2008.10.27"]
[Round "1"]
[White "upsan"]
[Black "cityprosecutor"]
[Result "1/2-1/2"]
[WhiteElo "1881"]
[BlackElo "1776"]
[Opening "Sicilian"]
[ECO "B50"]
[Time "16:00:18"]
[TimeControl "2700+45"]

1. e4 c5 2. Nf3 d6 3. c4 Nf6 4. Nc3 e6 5. d4 cxd4 6. Nxd4 Be7 7. Be2 Qc7 8. O-O
a6 9. Be3 O-O 10. Qd2 Nbd7 11. Rad1 Ne5 12. b3 Neg4 13. Bxg4 Nxg4 14. Bg5 d5 15.
g3 dxc4 16. Bxe7 Qxe7 17. Qe2 e5 18. Nf5 Bxf5 19. exf5 Nf6 20. Qxc4 Rac8 21. Qd3
e4 22. Qe3 Qe5 23. Rd4 Qxf5 24. Nxe4 {Game drawn by mutual agreement} 1/2-1/2

[Event "Team 45 45 League T39"]
[Site "Internet Chess Club"]
[Date "2008.10.26"]
[Round "1"]
[White "AntonioMendonca"]
[Black "PersonX"]
[Result "1-0"]
[WhiteElo "1674"]
[BlackElo "1598"]
[Opening "Scotch game"]
[ECO "C45"]
[Time "18:22:41"]
[TimeControl "2700+45"]

1. e4 e5 2. Nf3 Nc6 3. d4 exd4 4. Nxd4 Qf6 5. Be3 Bc5 6. c3 Nge7 7. Bc4 O-O 8.
O-O Nxd4 9. Bxd4 Qb6 10. Bb3 Nc6 11. Bxc5 Qxc5 12. Qd5 Qxd5 13. Bxd5 Ne7 14. Bb3
Ng6 15. Nd2 d6 16. Nf3 Re8 17. Rfe1 Be6 18. Bc2 Rad8 19. e5 dxe5 20. Bxg6 hxg6
21. Nxe5 Rd2 22. b3 Bf5 23. a3 Kf8 24. Re3 f6 25. Nc4 Rxe3 26. Nxe3 Rd3 27. Nxf5
gxf5 28. Rc1 Ke7 29. Kf1 Rd2 30. a4 b6 31. Re1+ Kd6 32. Re3 Rb2 33. c4 Kc5 34.
Re7 Kd6 35. Re3 g5 36. g3 Kc5 37. h4 gxh4 38. gxh4 Rd2 39. Rf3 Kb4 40. h5 Rd8
41. h6 Rh8 42. Rh3 f4 43. h7 a6 44. Ke1 Kc5 45. Kd2 Kd4 46. Rd3+ Kc5 47. Rd7 Kc6
48. Rf7 Rd8+ 49. Kc3 Rh8 50. Rxf6+ Kb7 51. Rf7 Kc6 52. Kd4 Kd6 53. Ke4 c6 54.
Kf5 Kc5 55. Kg6 Kb4 56. Rb7 Kxb3 57. Rxb6+ Kxc4 58. Rxc6+ Kd4 59. Kg7 Rxh7+ 60.
Kxh7 Kd3 61. Rxa6 f3 62. a5 Ke2 63. Rf6 Kxf2 64. a6 Ke2 65. a7 f2 66. a8=Q f1=Q
67. Qa6+ Kd2 68. Qxf1 Kc3 69. Rf4 Kb3 70. Qh3+ Kb2 71. Rf2+ {Black resigns} 1-0

[Event "Team 45 45 League T39"]
[Site "Internet Chess Club"]
[Date "2008.10.24"]
[Round "1"]
[White "Jozin"]
[Black "allanchs"]
[Result "1/2-1/2"]
[WhiteElo "1600"]
[BlackElo "1554"]
[Opening "English: Bremen, reverse dragon"]
[ECO "A22"]
[Time "13:58:28"]
[TimeControl "2700+45"]

1. c4 e5 2. Nc3 Nf6 3. g3 d5 4. cxd5 Nxd5 5. Bg2 Be6 6. Nf3 Nc6 7. Qa4 Nb6 8.
Qd1 Be7 9. O-O O-O 10. b3 Qd7 11. Bb2 Bh3 12. Bxh3 Qxh3 13. Nb5 e4 14. Ne1 Rad8
15. Ng2 Qd7 16. Bc1 Nd5 17. Ne3 Nf6 18. Nc3 Rfe8 19. a3 a6 20. Ra2 Nd4 21. Ng2
Qe6 22. Nf4 Qd6 23. d3 exd3 24. Nxd3 Qb6 25. b4 Ne6 26. Rd2 Rd7 27. Ne5 Rxd2 28.
Qxd2 Rd8 29. Qe3 Qxe3 30. Bxe3 Nd5 31. Nxd5 Rxd5 32. Nd3 Kf8 33. Rc1 Ke8 34. Nf4
Nxf4 35. Bxf4 c6 36. Bc7 Bf6 37. Rc2 Kd7 38. Bb6 Bd4 39. e4 Rd6 40. Bxd4 Rxd4
41. f3 Rd3 42. f4 Rxa3 43. Rd2+ Ke7 44. e5 a5 45. bxa5 Rxa5 46. Rb2 b5 47. Rc2
Ra6 48. g4 b4 49. Rb2 Rb6 50. Kf2 c5 51. Ke3 f6 52. Ke4 fxe5 53. Kxe5 Rd6 54.
Rc2 b3 55. Rxc5 Rb6 56. Rc1 b2 57. Rb1 Rb4 58. h4 Kf7 59. h5 h6 60. g5 Rb5+ 61.
Ke4 hxg5 62. fxg5 Rxg5 63. h6 gxh6 64. Rxb2 {Game drawn by mutual agreement}
1/2-1/2

[Event "Team 45 45 League T39"]
[Site "Internet Chess Club"]
[Date "2008.10.26"]
[Round "1"]
[White "chessateer"]
[Black "Fezzik"]
[Result "0-1"]
[WhiteElo "1837"]
[BlackElo "1978"]
[Opening "Sicilian: closed, Korchnoi variation"]
[ECO "B23"]
[Time "20:02:45"]
[TimeControl "2700+45"]

1. e4 c5 2. Nc3 e6 3. g3 d5 4. exd5 exd5 5. Bg2 Nf6 6. d4 cxd4 7. Qe2+ Be7 8.
Nxd5 Nxd5 9. Qb5+ Nc6 10. Bxd5 O-O 11. Ne2 a6 12. Qb3 Bb4+ 13. c3 dxc3 14. bxc3
Na5 15. Qd1 Bc5 16. O-O Bg4 17. Kg2 Bxe2 {White resigns} 0-1

[Event "Team 45 45 League T39"]
[Site "Internet Chess Club"]
[Date "2008.10.25"]
[Round "1"]
[White "PJ"]
[Black "ir75"]
[Result "0-1"]
[WhiteElo "1796"]
[BlackElo "1851"]
[Opening "Sicilian: closed, 6.Be3"]
[ECO "B26"]
[Time "02:01:08"]
[TimeControl "2700+45"]

1. e4 c5 2. Nc3 g6 3. g3 Bg7 4. Bg2 Nc6 5. d3 d6 6. Be3 Nf6 7. h3 O-O 8. Qd2 Nd4
9. Nce2 e5 10. c3 Ne6 11. Bh6 d5 12. Bxg7 Kxg7 13. exd5 Nxd5 14. O-O-O Rb8 15.
f4 exf4 16. Nxf4 Nexf4 17. g4 Nxg2 {White resigns} 0-1

[Event "Team 45 45 League T39"]
[Site "Internet Chess Club"]
[Date "2008.11.01"]
[Round "1"]
[White "Ziah"]
[Black "Thersites"]
[Result "0-1"]
[WhiteElo "1798"]
[BlackElo "1722"]
[Opening "Pirc: classical system, 5.Be2"]
[ECO "B08"]
[Time "20:04:43"]
[TimeControl "2700+45"]

1. e4 d6 2. d4 Nf6 3. Nc3 g6 4. Nf3 Bg7 5. Be2 O-O 6. O-O Nbd7 7. Bf4 c5 8. a4
cxd4 9. Nxd4 e5 10. Ndb5 exf4 11. Nxd6 Ne5 {White resigns} 0-1

[Event "Team 45 45 League T39"]
[Site "Internet Chess Club"]
[Date "2008.10.28"]
[Round "1"]
[White "Ghashgork"]
[Black "foodfight"]
[Result "1-0"]
[WhiteElo "1694"]
[BlackElo "1538"]
[Opening "Bird's opening"]
[ECO "A02"]
[Time "10:30:30"]
[TimeControl "2700+45"]

1. f4 Nf6 2. Nf3 c5 3. g3 d5 4. d3 e6 5. Bg2 Nc6 6. O-O g6 7. e4 Bg7 8. e5 Nd7
9. Nbd2 Rb8 10. c4 Nb6 11. b3 O-O 12. Ba3 Nb4 13. Bxb4 cxb4 14. c5 Nd7 15. Rc1
Qa5 16. Qc2 f6 17. d4 fxe5 18. fxe5 Bh6 19. Bh3 Re8 20. Kh1 Nf8 21. Ne1 Bd7 22.
Nd3 Bb5 23. Rf3 Rbc8 24. Nf2 Be2 25. Rf6 Bg7 26. Nde4 Bf3+ 27. Rxf3 dxe4 28.
Qxe4 Qxa2 29. Qxb7 Bh6 30. Rf1 Qd2 31. Ne4 Qxd4 32. Nf6+ Kh8 33. Qf7 Nd7 34.
Qxh7# {Black checkmated} 1-0